 Dungeon Crawl Stone Soup version 0.30.1-9-gdf580d7c3d (webtiles) character file.

Game seed: 11943564405939182834

100 Blei the Trooper (level 4, -12/37 HPs)
             Began as a Demonspawn Fighter on Oct 2, 2023.
             Mangled by a gnoll
             ... wielding a +2 flail of holy wrath
              (14 damage)
             ... on level 2 of the Dungeon.
             The game lasted 00:07:55 (1755 turns).

Blei the Trooper (Demonspawn Fighter)               Turns: 1755, Time: 00:07:56

Health: -12/37     AC: 10    Str: 19    XL:     4   Next: 46%
Magic:  4/4        EV:  7    Int:  9    God:
Gold:   116        SH:  0    Dex: 12    Spells: 3/3 levels left

rFire   . . .        a - +0 war axe
rCold   . . .        c - +0 buckler
rNeg    . . .        n - +0 chain mail
rPois   .            (no helmet)
rElec   .            (no cloak)
rCorr   .            (no gloves)
SInv    .            m - +0 pair of boots
Will    .....        (no amulet) Stlth
                     (no ring)
HPRegen 0.26/turn    (no ring)
MPRegen 0.09/turn

%: no passive effects
@: confused, ambrosia-drunk
A: demonic magic 1, weakness stinger 1
a: no special abilities


You were on level 2 of the Dungeon.
You visited 1 branch of the dungeon, and saw 3 of its levels.

You collected 116 gold pieces.

Inventory:

Hand Weapons
 a - a +0 war axe (weapon)
Missiles
 b - 3 poisoned darts (quivered)
Armour
 c - a +0 buckler (worn)
 m - a +0 pair of boots (worn)
 n - a +0 chain mail (worn)
Jewellery
 g - an amulet of faith
Wands
 i - a wand of polymorph (5)
Scrolls
 f - a scroll of noise {unknown}
 h - 2 scrolls of vulnerability {unknown}
 j - a scroll of silence {unknown}
 k - a scroll of fear {unknown}
 l - 2 scrolls of identify {unknown}
Potions
 e - a potion of haste {unknown}


   Skills:
 + Level 4.0 Fighting
 * Level 3.3 Axes
 - Level 2.6 Armour
 - Level 1.0 Dodging
 - Level 2.6 Shields


You had 3 spell levels left.
You didn't know any spells.
Your spell library contained the following spells:

 Spells                   Type           Power      Damage    Failure   Level
 Ensorcelled Hibernation  Hex/Ice        0%         N/A       100%        2
 Passwall                 Tmut/Erth      0%         N/A       100%        2
 Swiftness                Air            0%         N/A       100%        3


Dungeon Overview and Level Annotations

Branches:
Dungeon (3/15)

Altars:


Innate Abilities, Weirdness & Mutations

Spells you cast may paralyse adjacent enemies.
You have a small tail.


Message History

You barely miss the hobgoblin. The hobgoblin closely misses you.
You hit the hobgoblin. You tail-slap the hobgoblin.
You kill the hobgoblin!
You see here a hobgoblin corpse.
Found 5 stones.
You see here a hobgoblin corpse.
Found an escape hatch in the floor.
Done exploring.
Done exploring.
Done exploring.
Okay, then.
Okay, then.
(D) Dungeon
Where to? (Enter - D:2 @ (x,y), ? - help)
There is an escape hatch in the floor here.
There is a stone staircase leading down here.
You climb downwards.
The gnoll shouts! x3; You hear a shout!
You hear an angry hiss.
There is a stone staircase leading up here.
There are monsters nearby!
The gnoll hits you with a +2 flail of holy wrath!
You convulse!
The gnoll hits you but does no damage. You block the gnoll's attack.
You climb upwards.
There is a stone staircase leading down here.
You hit the gnoll but do no damage.
You tail-slap the gnoll, but do no damage.
You hit the gnoll.
The gnoll hits you with a +2 flail of holy wrath.
* * * LOW HITPOINT WARNING * * *
You convulse.
* * * LOW HITPOINT WARNING * * *
You block the gnoll's attack.
It was a potion of ambrosia.
You are confused.
You feel invigorated.
The gnoll hits you with a +2 flail of holy wrath!
* * * LOW HITPOINT WARNING * * *
You convulse!
You die...

### #.##...#
#.######.##...#
#......#.##...#
#.####.........
####.# #...######
#....####...#
#.##.#....#.#
#g##.#....#.######
#@g...............
#####..........).#
#..###.<.....#
#..# #.......#
#..###........
#...........#.
#.#########.#.
#.............
##.......##.##


You could see 2 gnolls.

Vanquished Creatures
  Terence (D:2)
  2 adders (D:2)
  2 worms (D:2)
  2 dart slugs
  2 ball pythons
  2 bats
  2 endoplasms (D:2)
  A giant cockroach (D:1)
  4 goblins
  2 hobgoblins (D:2)
  7 jackals
  3 quokkas (D:1)
  5 frilled lizards
  4 kobolds
  4 rats
43 creatures vanquished.

Notes
Turn   | Place    | Note
-------+----------+-------------------------------------------
     0 | D:1      | Blei the Demonspawn Fighter began the quest for the Orb.
     0 | D:1      | Reached XP level 1. HP: 18/18 MP: 1/1
   157 | D:1      | Discovered your monstrous ancestry.
   157 | D:1      | Gained mutation: You have a small tail. [demonic ancestry]
   157 | D:1      | Reached XP level 2. HP: 24/24 MP: 2/2
   521 | D:2      | Noticed Terence
   531 | D:2      | Killed Terence
   532 | D:2      | Gained mutation: Spells you cast may paralyse adjacent
                  | enemies. [demonic ancestry]
   532 | D:2      | Reached XP level 3. HP: 15/30 MP: 3/3
   685 | D:2      | Reached XP level 4. HP: 37/37 MP: 4/4
   882 | D:2      | Reached skill level 4 in Fighting
  1317 | D:2      | Reached skill level 1 in Dodging
  1755 | D:2      | Mangled by a gnoll

Illustrated notes

Levels and vault maps discovered:
D:1:      lightli_arrival_noodles, layout_rooms
D:2:      layout_basic, minivault_5, minmay_tiny_reverse_x, uniq_terence
D:3:      layout_loops_cross, evilmike_ruin_ashenzari,
          chequers_temple_overflow_statue_of_worship, minmay_fractal_squares_5

Skill      XL: |  1  2  3  4 |
---------------+-------------+-----
Axes           | 2 3 |  3.3
Fighting       | 4 |  4.0
Dodging        | 1 |  1.0
Armour         | |  2.6
Shields        | |  2.6

Action                     |  1- 3 |  4- 6 || total
---------------------------+-------+-------++-------
  Melee: War axe           |    82 |    48 ||   130
         Tailslap          |     5 |     7 ||    12
    Use: Potion            |       |     1 ||     1
 Armour: Scale mail        |    41 |     9 ||    50
         Chain mail        |       |     6 ||     6
  Dodge: Dodged            |    33 |    14 ||    47
  Block: Buckler           |    19 |     9 ||    28
